 Dungeon Crawl Stone Soup version 0.30-a0-760-g5a9884b (webtiles) character file.

Game seed: 14584582547027681059

92 lunatic the Poker (level 4, -4/36 HPs)
             Began as a Draconian Warper on Feb 11, 2023.
             Was an Initiate of Yredelemnul.
             Slain by Menkaure (20 damage)
             ... on level 4 of the Dungeon.
             The game lasted 00:08:40 (3016 turns).

lunatic the Poker (Draconian Warper)                Turns: 3016, Time: 00:08:41

Health: -4/36      AC:  5    Str: 13    XL:     4   Next: 35%
Magic:  7/7        EV: 12    Int: 21    God:    Yredelemnul [......]
Gold:   132        SH:  0    Dex: 11    Spells: 5/7 levels left

rFire   . . .      SeeInvis .    b - +1 falchion (freeze)
rCold   . . .      Faith    .    (no shield)
rNeg    . . .      Spirit   .    (body armour unavailable)
rPois   .          Reflect  .    t - +0 hat "Udghu" {Int+6}
rElec   .          Harm     .    (no cloak)
rCorr   .          Rampage  .    (no gloves)
Will    .....                    (no boots)
Stlth   +                        (no amulet)
HPRegen 0.26/turn                (no ring)
MPRegen 0.10/turn                (no ring)

@: no status effects
A: AC +5, unfitting armour, cold-blooded
a: Renounce Religion, Recall Undead Harvest


You were on level 4 of the Dungeon.
You worshipped Yredelemnul.
Yredelemnul was noncommittal.
You visited 1 branch of the dungeon, and saw 4 of its levels.

You collected 132 gold pieces.

Inventory:

Hand Weapons
 a - a +0 spear
 b - a +1 falchion of freezing (weapon)
Missiles
 c - 6 boomerangs of dispersal
 j - 2 atropa-tipped darts (quivered)
 k - 8 poisoned darts
Armour
 m - a +0 buckler
 t - the +0 hat "Udghu" (worn) {Int+6}
   (You acquired it on level 4 of the Dungeon)

   Int:       It affects your intelligence (+6).
Scrolls
 e - a scroll of amnesia
 h - a scroll of blinking
 i - a scroll of magic mapping
 n - a scroll of teleportation
 q - a scroll of poison {unknown}
 r - a scroll of fog {unknown}
 s - 2 scrolls of vulnerability {unknown}
 u - a scroll of silence {unknown}
Potions
 d - a potion of magic {unknown}
 f - a potion of flight {unknown}
 g - a potion of lignification {unknown}
 l - a potion of invisibility {unknown}
 o - a potion of heal wounds {unknown}
 p - 2 potions of curing {unknown}


   Skills:
 - Level 2.1 Fighting
 * Level 4.2 Polearms
 + Level 1.8 Throwing
 - Level 2.1 Dodging
 - Level 2.0 Spellcasting
 - Level 3.0 Translocations


You had 5 spell levels left.
You knew the following spells:

 Your Spells              Type           Power      Damage    Failure   Level
a - Blink                 Tloc           28%        N/A       6%          2

Your spell library contained the following spells:

 Spells                   Type           Power      Damage    Failure   Level
 Lesser Beckoning         Tloc           28%        N/A       6%          2
 Gell's Gravitas          Tloc           14%        N/A       13%         3
 Teleport Other           Tloc           14%        N/A       13%         3
 Beastly Appendage        Tmut           4%         N/A       14%         1
 Kiss of Death            Conj/Necr      8%         2d6       14%         1
 Wereblood                Tmut           2%         N/A       22%         2
 Vhi's Electric Charge    Tloc/Air       16%        N/A       24%         3
 Manifold Assault         Tloc           14%        N/A       38%         4
 Confusing Touch          Hex            2%         N/A       41%         3
 Spider Form              Tmut/Pois      2%         N/A       41%         3
 Dispel Undead            Necr           2%         3d7       82%         4
 Dispersal                Tloc           7%         N/A       100%        6


Dungeon Overview and Level Annotations

Branches:
Dungeon (4/15)
 Temple: D:4-7

Altars:
Ashenzari
Makhleb
Okawaru
Yredelemnul

Annotations:
D:3 2 runed translucent doors, heathens's ghost, amateur MiBe
D:4 Menkaure


Innate Abilities, Weirdness & Mutations

Your plain brown scales are hard. (AC +5)
You cannot fit into any form of body armour.
You are cold-blooded and may be slowed by cold attacks.


Message History

Found a club.
No target in view!
No target in view!
o - a glowing sapphire potion You swap places.
You swap places.
You see here a +0 club.
Your giant cockroach zombie waves its antennae.
Menkaure, Prince of Dust comes into view.
Menkaure shouts!
Menkaure moves out of view.
You swap places.
You swap places.
You open the door.
There is an open door here.
Menkaure is nearby!
Okay, then.
You start removing your armour.
You continue taking off your +0 buckler. x3
Your giant cockroach zombie bites Menkaure but does no damage.
You continue taking off your +0 buckler.
Your giant cockroach zombie bites Menkaure but does no damage.
You finish taking off your +0 buckler.
Okay, then.
Your giant cockroach zombie bites Menkaure but does no damage.
Menkaure gestures ominously.
Menkaure casts a spell at you. Pain shoots through your body!
You open the door.
Your giant cockroach zombie bites Menkaure.
There is an open door here.
Menkaure calls on the powers of darkness!
Your body is wracked with pain!
Your giant cockroach zombie bites Menkaure but does no damage.
You barely miss Menkaure.
Menkaure is lightly damaged.
Menkaure hits you!!
Ouch! That really hurt!
You die...
Your body rises from the dead as a mindless zombie.

#.# #.# ## #.# #.## #.#
#..## ###.# #...## ##.#.#
######....####....########
+........@'...............
#.......M.####....########
##......Z## ##.#.# #
##.....## ###.# # ##...##
#####.## # ##'## #......#
# #.# #.###..# #
#########.#######.###..# #
........#.##........#..# #


You could see Menkaure (ally target) and a friendly giant cockroach zombie.

Vanquished Creatures
  3 adders
  2 worms
  A dart slug (D:3)
  4 orcs
  5 endoplasms
  A giant cockroach (D:4)
  2 goblins
  7 hobgoblins
  2 jackals (D:2)
  9 kobolds
  A quokka (D:1)
  4 ball pythons (D:3)
  4 bats
  A frilled lizard (D:3)
  3 rats (D:1)
49 creatures vanquished.

Vanquished Creatures (others)
  A hobgoblin zombie (D:4)
  An orc zombie (D:4)
2 creatures vanquished.

Grand Total: 51 creatures vanquished

Notes
Turn   | Place    | Note
-------+----------+-------------------------------------------
     0 | D:1      | lunatic the Draconian Warper began the quest for the Orb.
     0 | D:1      | Reached XP level 1. HP: 17/17 MP: 3/3
   214 | D:1      | Found a faded altar of an unknown god.
   255 | D:1      | Reached XP level 2. HP: 24/24 MP: 5/5
   485 | D:1      | Reached skill level 3 in Polearms
   882 | D:2      | Reached skill level 1 in Throwing
  1019 | D:2      | Reached XP level 3. HP: 25/29 MP: 6/6
  1022 | D:2      | Learned a level 2 spell: Blink
  1143 | D:2      | HP: 1/43 [kobold/+0 club (2)]
  1525 | D:3      | Found an iron altar of Okawaru.
  1525 | D:3      | Found a burning altar of Makhleb.
  1746 | D:3      | Reached skill level 4 in Polearms
  1941 | D:3      | Reached XP level 4. HP: 35/36 MP: 7/7
  1965 | D:3      | Found a large runed translucent door.
  1966 | D:3      | Found a large runed translucent door.
  1972 | D:3      | Noticed heathens's ghost (amateur MiBe)
  1991 | D:3      | Found a basalt altar of Yredelemnul.
  2000 | D:3      | Found a broken altar of Ashenzari.
  2232 | D:3      | Became a worshipper of Yredelemnul the Dark
  2301 | D:4      | Identified a scroll of acquirement
  2330 | D:4      | Acquired the +0 hat "Udghu" {Int+6}
  2434 | D:4      | Noticed an ogre
  2477 | D:3      | Acquired the +1 bardiche of lunatic's Doom {flame, Fragile
                  | +Blink rElec Str+5}
  2972 | D:4      | Noticed Menkaure
  3016 | D:4      | Slain by Menkaure

Illustrated notes

Levels and vault maps discovered:
D:1:      minmay_arrival_diagonal_passages, layout_basic,
          hellmonk_ecumenical_altar_blasted, kennysheep_minor_cross
D:2:      layout_rooms, minmay_goblin_kobold_house
D:3:      layout_loops_cross, gammafunk_temple_overflow_pools,
          mainiacjoe_overflow_swirl, ebering_ghost_disaster_area
D:4:      layout_loops_corners, nzn_hepliaklqana_mist_gate, uniq_menkaure,
          uniq_natasha

Skill      XL: |  1  2  3 |
---------------+----------+-----
Polearms       | 3 4 |  4.2
Throwing       | 1 |  1.8
Fighting       | |  2.1
Dodging        | |  2.1
Spellcasting   | |  2.0
Translocations | |  3.0

Action                     |  1- 3 |  4- 6 || total
---------------------------+-------+-------++-------
  Melee: Spear             |    28 |       ||    28
         Tailslap          |    14 |     4 ||    18
         Falchion          |    92 |    25 ||   117
  Throw: Boomerang         |     1 |       ||     1
         Dart              |       |     6 ||     6
    Use: Scroll            |     3 |     3 ||     6
         Potion            |     1 |       ||     1
 Armour: Skin              |    41 |     4 ||    45
  Dodge: Dodged            |    73 |    14 ||    87
  Block: Buckler           |    12 |     4 ||    16

Table legend: (Time is in decaauts)
 A = Elapsed time spent in this place.
 B = Non-inter-level travel time spent in this place.
 C = Inter-level travel time spent in this place.
 D = Time resting spent in this place.
 E = Time spent auto-exploring this place.
 F = Levels seen in this place.
 G = Mean time per level.
                   A        B        C        D        E       F      G
               +--------+--------+--------+--------+--------+-----+--------+
         Total |   3065 |   2905 |    160 |    113 |   2314 |   4 |  766.2 |
       Dungeon |   3065 |   2905 |    160 |    113 |   2314 |   4 |  766.2 |
               +--------+--------+--------+--------+--------+-----+--------+

Top non-repeatable levels by time:
     D:3: 945 daAuts
     D:1: 784 daAuts
     D:2: 735 daAuts
     D:4: 600 daAuts
